General information
- name: BNet
- type: Ladder team game (AT/RT)
- host: Battle.net
- saver: 13fr6
map: TwilightRuins
- players: 8
- length: 24:50
- speed: Fast
- version: 1.27 W3XP
- replay type: Public
» download(151 KB)
Players
team 1 (winner)
afkBot026 (
pink | 1 APM | 29 actions | 24:49)

»
Butchr (
orange | 38 APM | 934 actions | 24:49)
6 Death Knight
3 Death Coil
2 Unholy Aura
1 Animate Dead
» actions
| Assign group hotkey | 10 | |
| Basic commands | 4 | |
| Build / train | 57 | |
| Enter build submenu | 23 | |
| Enter hero's abilities submenu | 6 | |
| Remove unit from queue | 4 | |
| Right click | 509 | |
| Select / deselect | 266 | |
| Select group hotkey | 19 | |
| Use ability | 36 | |
934 total
» units
| Acolyte | 9 | |
| Ghoul | 6 | |
| Frost Wyrm | 9 | |
24 total
» upgrades
| Creature Carapace | 3 | |
| Creature Attack | 3 | |
| Freezing Breath | 1 | |
7 total
» buildings
| Ziggurat | 10 | |
| Crypt | 1 | |
| Altar of Darkness | 1 | |
| Nerubian Tower | 2 | |
| Graveyard | 1 | |
| Tomb of Relics | 1 | |
| Spirit Tower | 8 | |
| Halls of the Dead | 1 | |
| Black Citadel | 1 | |
| Sacrificial Pit | 1 | |
| Boneyard | 3 | |
30 total
» build order
00:40 Ziggurat
00:43 Crypt
00:48 Altar of Darkness
01:05 Ziggurat
01:33 Ziggurat
01:57 Nerubian Tower
02:27 Graveyard
02:37 Nerubian Tower
03:15 Ziggurat
03:22 Ziggurat
03:30 Tomb of Relics
03:54 Spirit Tower
04:09 Spirit Tower
04:23 Spirit Tower
05:04 Halls of the Dead
05:29 Ziggurat
05:59 Ziggurat
06:01 Ziggurat
06:02 Ziggurat
06:29 Spirit Tower
07:03 Spirit Tower
07:05 Spirit Tower
07:38 Spirit Tower
07:45 Black Citadel
07:58 Sacrificial Pit
08:54 Ziggurat
09:55 Spirit Tower
10:08 Boneyard
10:12 Boneyard
10:17 Boneyard
» items
| Potion of Healing | 1 | |
| Scroll of Town Portal | 2 | |
3 total
okok (
green | 108 APM | 2687 actions | 24:49)
6 Death Knight
3 Death Coil
2 Death Pact
1 Animate Dead
5 Lich
3 Frost Nova
2 Frost Armor
» actions
| Assign group hotkey | 63 | |
| Basic commands | 5 | |
| Build / train | 106 | |
| Enter build submenu | 24 | |
| Enter hero's abilities submenu | 12 | |
| Give item / drop item | 11 | |
| Right click | 659 | |
| Select / deselect | 265 | |
| Select group hotkey | 1438 | |
| Use ability | 104 | |
2687 total
» units
| Acolyte | 13 | |
| Ghoul | 5 | |
| Crypt Fiend | 9 | |
| Obsidian Statue | 3 | |
| Frost Wyrm | 14 | |
44 total
» upgrades
| Creature Attack | 3 | |
| Burrow | 1 | |
| Web | 2 | |
| Creature Carapace | 3 | |
| Ghoul Frenzy | 1 | |
| Destroyer Form | 1 | |
| Freezing Breath | 1 | |
12 total
» buildings
| Altar of Darkness | 1 | |
| Ziggurat | 13 | |
| Crypt | 2 | |
| Graveyard | 1 | |
| Tomb of Relics | 1 | |
| Nerubian Tower | 1 | |
| Spirit Tower | 9 | |
| Halls of the Dead | 3 | |
| Black Citadel | 2 | |
| Slaughterhouse | 1 | |
| Sacrificial Pit | 1 | |
| Boneyard | 2 | |
| Necropolis | 1 | |
38 total
» build order
00:15 Altar of Darkness
00:16 Ziggurat
00:45 Crypt
01:04 Graveyard
01:27 Tomb of Relics
01:34 Ziggurat
02:31 Nerubian Tower
03:23 Spirit Tower
03:23 Spirit Tower
03:23 Spirit Tower
04:30 Halls of the Dead
04:30 Halls of the Dead
04:32 Ziggurat
06:59 Ziggurat
08:06 Black Citadel
08:06 Black Citadel
09:23 Slaughterhouse
09:26 Spirit Tower
10:15 Sacrificial Pit
10:23 Ziggurat
10:23 Ziggurat
12:26 Boneyard
16:08 Ziggurat
16:08 Ziggurat
16:21 Ziggurat
19:39 Necropolis
19:41 Ziggurat
19:41 Ziggurat
19:42 Ziggurat
19:42 Ziggurat
20:59 Spirit Tower
20:59 Spirit Tower
21:00 Spirit Tower
21:00 Spirit Tower
21:18 Boneyard
21:21 Crypt
» items
| Rod of Necromancy | 8 | |
| Dust of Appearance | 1 | |
| Potion of Healing | 3 | |
| Potion of Lesser Invulnerability | 2 | |
| Scroll of Town Portal | 2 | |
| Orb of Corruption | 1 | |
17 total
13fr6 (
purple | 51 APM | 1267 actions | 24:50)
7 Blood Mage
3 Flame Strike
3 Siphon Mana
1 Summon Phoenix
6 Pit Lord
3 Rain of Fire
2 Cleaving Attack
1 Doom
» actions
| Assign group hotkey | 30 | |
| Basic commands | 10 | |
| Build / train | 109 | |
| Enter build submenu | 39 | |
| Enter hero's abilities submenu | 14 | |
| Remove unit from queue | 2 | |
| Right click | 529 | |
| Select / deselect | 227 | |
| Select group hotkey | 179 | |
| Use ability | 128 | |
1267 total
» units
| Peasant | 17 | |
| Footman | 8 | |
| Dragonhawk Rider | 1 | |
| Gryphon Rider | 12 | |
| Knight | 6 | |
44 total
» upgrades
| Masonry | 1 | |
| Storm Hammers | 1 | |
| Animal War Training | 1 | |
| Swords | 1 | |
| Armor | 1 | |
| Cloud | 1 | |
6 total
» buildings
| Lumber Mill | 2 | |
| Farm | 14 | |
| Altar of Kings | 1 | |
| Barracks | 1 | |
| Scout Tower | 15 | |
| Guard Tower | 13 | |
| Town Hall | 2 | |
| Keep | 2 | |
| Arcane Vault | 1 | |
| Castle | 2 | |
| Gryphon Aviary | 2 | |
| Blacksmith | 1 | |
56 total
» build order
00:27 Lumber Mill
00:46 Lumber Mill
00:57 Farm
01:29 Altar of Kings
01:33 Farm
01:58 Barracks
02:01 Scout Tower
02:11 Farm
02:37 Scout Tower
02:38 Guard Tower
02:50 Scout Tower
03:11 Guard Tower
03:13 Scout Tower
03:17 Scout Tower
03:18 Guard Tower
03:39 Guard Tower
03:44 Guard Tower
04:49 Town Hall
04:51 Scout Tower
04:55 Scout Tower
04:57 Scout Tower
04:59 Scout Tower
05:22 Guard Tower
05:23 Guard Tower
05:28 Guard Tower
06:01 Keep
06:01 Keep
06:09 Arcane Vault
07:39 Farm
08:34 Castle
08:35 Castle
09:03 Gryphon Aviary
09:05 Gryphon Aviary
09:08 Blacksmith
09:53 Farm
11:19 Town Hall
11:22 Scout Tower
11:22 Scout Tower
11:24 Scout Tower
11:24 Scout Tower
11:25 Scout Tower
11:26 Scout Tower
12:05 Guard Tower
12:18 Guard Tower
12:19 Guard Tower
12:19 Guard Tower
12:39 Guard Tower
14:09 Farm
14:11 Farm
14:56 Farm
16:19 Farm
17:23 Farm
22:37 Farm
22:38 Farm
22:39 Farm
22:40 Farm
» items
| Scroll of Regeneration | 2 | |
| Lesser Clarity Potion | 2 | |
| Scroll of Town Portal | 2 | |
| Potion of Healing | 1 | |
| Scroll of Protection | 2 | |
| Scroll of Healing | 2 | |
| Periapt of Vitality | 1 | |
| Boots of Speed | 1 | |
| Potion of Lesser Invulnerability | 1 | |
| Circlet of Nobility | 1 | |
| Staff of Teleportation | 1 | |
16 total
team 2 (loser)
omw2fyobitsh (
blue | 80 APM | 1572 actions | 19:35)
4 Blademaster
2 Critical Strike
2 Wind Walk
1 Shadow Hunter
1 Healing Wave
» actions
| Assign group hotkey | 19 | |
| Basic commands | 9 | |
| Build / train | 47 | |
| Enter build submenu | 17 | |
| Enter hero's abilities submenu | 5 | |
| Give item / drop item | 4 | |
| Right click | 542 | |
| Select / deselect | 142 | |
| Select group hotkey | 733 | |
| Use ability | 54 | |
1572 total
» units
| Peon | 7 | |
| Grunt | 7 | |
| Troll Witch Doctor | 4 | |
18 total
» upgrades
| Armor | 2 | |
| Melee Weapons | 2 | |
| Witch Doctor Training | 1 | |
| Berserker Strength | 1 | |
6 total
» buildings
| Altar of Storms | 1 | |
| Orc Burrow | 8 | |
| Barracks | 2 | |
| Voodoo Lounge | 1 | |
| War Mill | 1 | |
| Stronghold | 1 | |
| Spirit Lodge | 3 | |
| Fortress | 2 | |
19 total
» build order
00:09 Altar of Storms
00:34 Orc Burrow
01:09 Barracks
01:23 Voodoo Lounge
02:08 Orc Burrow
02:51 Barracks
03:05 Orc Burrow
03:47 War Mill
03:56 Orc Burrow
08:12 Stronghold
10:01 Orc Burrow
10:40 Spirit Lodge
10:43 Spirit Lodge
10:49 Spirit Lodge
11:22 Orc Burrow
11:27 Orc Burrow
14:53 Fortress
14:53 Fortress
16:01 Orc Burrow
» items
| Healing Salve | 6 | |
| Lesser Clarity Potion | 2 | |
| Scroll of Speed | 1 | |
| Boots of Speed | 1 | |
| Potion of Mana | 1 | |
11 total
lara (
red | 79 APM | 1971 actions | 24:48)
4 Paladin
2 Holy Light
1 Devotion Aura
1 Divine Shield
» actions
| Assign group hotkey | 25 | |
| Basic commands | 25 | |
| Build / train | 76 | |
| ESC pressed | 1 | |
| Enter build submenu | 25 | |
| Enter hero's abilities submenu | 4 | |
| Give item / drop item | 3 | |
| Right click | 525 | |
| Select / deselect | 465 | |
| Select group hotkey | 745 | |
| Use ability | 77 | |
1971 total
» units
| Peasant | 15 | |
| Footman | 10 | |
| Knight | 1 | |
| Goblin Shredder | 1 | |
| Flying Machine | 6 | |
33 total
» upgrades
| Defend | 1 | |
| Lumber Harvesting | 2 | |
| Animal War Training | 1 | |
| Gunpowder | 2 | |
| Flak Cannons | 1 | |
7 total
» buildings
| Altar of Kings | 1 | |
| Farm | 9 | |
| Barracks | 2 | |
| Scout Tower | 10 | |
| Arcane Tower | 5 | |
| Lumber Mill | 1 | |
| Arcane Vault | 1 | |
| Keep | 2 | |
| Castle | 2 | |
| Town Hall | 1 | |
| Guard Tower | 2 | |
| Blacksmith | 1 | |
| Workshop | 2 | |
39 total
» build order
00:06 Altar of Kings
00:20 Farm
01:14 Farm
01:28 Barracks
01:35 Scout Tower
02:02 Arcane Tower
02:42 Farm
03:14 Lumber Mill
03:30 Farm
03:52 Arcane Vault
04:12 Farm
04:57 Farm
05:20 Keep
05:20 Keep
05:44 Farm
07:19 Farm
07:54 Castle
07:55 Castle
08:27 Town Hall
09:44 Scout Tower
09:45 Scout Tower
09:46 Scout Tower
09:47 Scout Tower
09:51 Scout Tower
10:35 Guard Tower
11:34 Guard Tower
12:26 Blacksmith
12:32 Barracks
13:01 Farm
13:10 Scout Tower
13:12 Scout Tower
13:14 Scout Tower
13:18 Scout Tower
13:44 Arcane Tower
13:45 Arcane Tower
14:05 Workshop
14:18 Arcane Tower
14:19 Arcane Tower
14:59 Workshop
» items
| Scroll of Regeneration | 2 | |
| Lesser Clarity Potion | 2 | |
| Staff of Sanctuary | 1 | |
| Boots of Speed | 1 | |
| Staff of Teleportation | 1 | |
| Potion of Invisibility | 1 | |
| Dust of Appearance | 1 | |
| Potion of Lesser Invulnerability | 1 | |
10 total

»
stoneybonzai (
yellow | 51 APM | 1264 actions | 24:46)
4 Blademaster
2 Wind Walk
2 Mirror Image
2 Shadow Hunter
1 Healing Wave
1 Serpent Ward
» actions
| Assign group hotkey | 21 | |
| Build / train | 53 | |
| ESC pressed | 3 | |
| Enter build submenu | 23 | |
| Enter hero's abilities submenu | 6 | |
| Give item / drop item | 2 | |
| Right click | 530 | |
| Select / deselect | 246 | |
| Select group hotkey | 337 | |
| Use ability | 43 | |
1264 total
» units
| Peon | 13 | |
| Grunt | 12 | |
| Tauren | 3 | |
| Shaman | 2 | |
| Troll Headhunter/Berserker | 4 | |
34 total
» upgrades
| Melee Weapons | 1 | |
| Armor | 1 | |
| Shaman Training | 2 | |
| Berserker Upgrade | 1 | |
5 total
» buildings
| Altar of Storms | 1 | |
| Orc Burrow | 8 | |
| Barracks | 1 | |
| Voodoo Lounge | 1 | |
| War Mill | 1 | |
| Watch Tower | 4 | |
| Stronghold | 1 | |
| Spirit Lodge | 1 | |
| Fortress | 1 | |
| Tauren Totem | 2 | |
| Great Hall | 1 | |
22 total
» build order
00:05 Altar of Storms
00:27 Orc Burrow
00:48 Barracks
02:07 Orc Burrow
02:15 Voodoo Lounge
03:07 Orc Burrow
03:17 War Mill
04:03 Orc Burrow
05:04 Watch Tower
05:07 Watch Tower
05:56 Stronghold
07:15 Orc Burrow
08:56 Orc Burrow
09:03 Spirit Lodge
09:10 Fortress
09:31 Watch Tower
11:43 Tauren Totem
11:54 Tauren Totem
13:25 Orc Burrow
15:10 Orc Burrow
15:13 Watch Tower
16:17 Great Hall
» items
| Healing Salve | 1 | |
| Boots of Speed | 1 | |
| Scroll of Town Portal | 1 | |
| Orb of Lightning | 1 | |
4 total

»
NzSoldier (
teal | 26 APM | 653 actions | 24:41)
4 Dreadlord
2 Vampiric Aura
2 Carrion Swarm
2 Death Knight
1 Death Coil
1 Unholy Aura
» actions
| Assign group hotkey | 8 | |
| Build / train | 68 | |
| Enter build submenu | 21 | |
| Enter hero's abilities submenu | 6 | |
| Give item / drop item | 1 | |
| Right click | 258 | |
| Select / deselect | 238 | |
| Select group hotkey | 27 | |
| Use ability | 26 | |
653 total
» units
| Acolyte | 9 | |
| Ghoul | 14 | |
| Abomination | 5 | |
| Crypt Fiend | 10 | |
| Gargoyle | 8 | |
46 total
» upgrades
| Disease Cloud | 1 | |
| Unholy Strength | 2 | |
| Unholy Armor | 1 | |
| Web | 1 | |
| Creature Attack | 2 | |
| Creature Carapace | 1 | |
8 total
» buildings
| Ziggurat | 8 | |
| Altar of Darkness | 1 | |
| Crypt | 3 | |
| Graveyard | 1 | |
| Halls of the Dead | 1 | |
| Nerubian Tower | 2 | |
| Spirit Tower | 2 | |
| Black Citadel | 1 | |
| Slaughterhouse | 4 | |
| Tomb of Relics | 1 | |
| Sacrificial Pit | 1 | |
| Great Hall | 1 | |
26 total
» build order
00:10 Ziggurat
00:13 Altar of Darkness
00:43 Crypt
01:07 Ziggurat
01:55 Graveyard
04:01 Halls of the Dead
04:07 Ziggurat
04:50 Nerubian Tower
04:52 Spirit Tower
04:57 Ziggurat
06:24 Black Citadel
06:59 Spirit Tower
07:43 Slaughterhouse
07:43 Slaughterhouse
08:27 Slaughterhouse
08:32 Slaughterhouse
08:36 Ziggurat
13:32 Ziggurat
13:32 Ziggurat
13:34 Ziggurat
14:53 Crypt
14:53 Crypt
16:13 Tomb of Relics
21:21 Sacrificial Pit
23:12 Great Hall
24:00 Nerubian Tower
Chat log
(00:06 / All) stoneybonzai: gg
(00:30 / Allies) okok: him again
(00:33 / Allies) 13fr6: its ok
(00:35 / Allies) 13fr6: just play normal
(00:37 / Allies) 13fr6: we got this
(00:40 / Allies) 13fr6: yeah i will
(00:49 / Allies) 13fr6: tower up guys
(00:53 / Allies) 13fr6: 10 towers each
(00:55 / Allies) Butchr: sry pink
(01:17 / Allies) 13fr6: andtower your expos too
(01:22 / Allies) 13fr6: its every man for himself
(01:24 / Allies) 13fr6: harrass the enemy
(01:36 / Allies) 13fr6: goal is survival
(01:45 / Allies) 13fr6: we need to think diferent
(01:46 / Allies) okok: so....this dude just keeps logging onto games?
(02:19 / Allies) okok: he logs on just to piss ppl off?
(02:53 / Allies) 13fr6: look me base guys
(02:55 / Allies) 13fr6: toweer up
(03:08 / Allies) 13fr6: green make 3 more towers pls
(03:23 / Allies) 13fr6: im serious its for survival
(03:27 / Allies) 13fr6: we need to make towers early game
(03:41 / Allies) okok: ....no point wasting money for just towers tho
(03:47 / Allies) okok: this aint a defensive game
(04:03 / Allies) 13fr6: we need to play defense till gryph
(04:21 / Allies) okok: probably not even gonna lost that lonf
(04:23 / Allies) okok: ong
(05:26 / Allies) okok: oj.....thats gonan take forever
(05:41 / Allies) okok: cancel
(05:45 / Allies) okok: you cant dfefedn taht
(05:47 / Allies) okok: cancel
(07:08 / Allies) 13fr6: thats how u do it
(07:16 / Allies) 13fr6: tower up
(07:21 / Allies) 13fr6: there rushing
(08:26 / Allies) okok: shit
(08:35 / Allies) okok: you guys waste too much gold on towers
(08:38 / All) omw2fyobitsh: hack more guys
(09:15 / All) omw2fyobitsh: hackers
(09:26 / Allies) 13fr6: scout their expos
(10:02 / Allies) 13fr6: come green
(10:03 / Allies) 13fr6: attack
(10:06 / Allies) 13fr6: u said urself
(10:08 / Allies) 13fr6: cant play defense
(11:44 / Allies) okok: how much longer for griff?
(12:06 / Allies) Butchr: if you have extra gold, wyrms otw
(12:33 / Allies) 13fr6: get expos guys
(12:34 / Allies) 13fr6: come on
(12:45 / Allies) 13fr6: more
(12:48 / Allies) 13fr6: green get two expos
(15:26 / Allies) 13fr6: hit oj
(15:26 / Allies) 13fr6: wtf
(15:38 / All) omw2fyobitsh: HACKER SCUMBAGS
(15:42 / Allies) 13fr6: lkets kill blue
(15:46 / Allies) 13fr6: come oj
(15:49 / Allies) 13fr6: before they get aa shit
(16:30 / Allies) okok: wait
(16:56 / Allies) 13fr6: kill burrrows
(16:57 / Allies) 13fr6: kill aboms
(18:44 / Allies) 13fr6: next
(18:46 / Allies) 13fr6: got his burrows
(18:47 / Allies) 13fr6: next
(19:06 / All) omw2fyobitsh: sorry
(19:09 / All) omw2fyobitsh: we have an idiot
(19:15 / All) omw2fyobitsh: our guy lara
(19:21 / All) omw2fyobitsh: has 6000 gold
(19:29 / All) omw2fyobitsh: hhahahhahaha
(19:30 / All) Butchr: we got that afk fucker
(19:42 / All) 13fr6: my ppl were ready to quit
(19:45 / All) 13fr6: but i whipped em just right
(19:47 / All) NzSoldier: Red has 8000 gold
(19:52 / All) NzSoldier: No help at all
(19:55 / All) NzSoldier: So 3v3 gg
(20:01 / Allies) okok: ...
(20:03 / Allies) okok: weird win
(20:17 / Allies) 13fr6: good win
(20:20 / Allies) 13fr6: power of perseverence
(20:23 / Allies) okok: suppose
(21:03 / All) NzSoldier: You a map hacker red?
(22:29 / Allies) 13fr6: forgot about teal
(22:30 / Allies) 13fr6: oj lets go
(23:09 / Allies) okok: lol
(23:45 / Allies) 13fr6: lemme take teal on direct guys
(24:00 / Allies) okok: probably not
(24:04 / All) Butchr: haha noob
(24:05 / Allies) okok: thats all aa